 Dungeon Crawl Stone Soup version 0.24.1-14-gf8d2b509d9 (webtiles) character file.

Game seed: 18432688004997085055, levelgen mode: deterministic

92 Borgilos the Chopper (level 4, -1/37 HPs)
             Began as a Minotaur Gladiator on May 19, 2020.
             Slain by an orc
             ... wielding a +4 trident
              (8 damage)
             ... on level 3 of the Dungeon.
             The game lasted 00:17:15 (1448 turns).

Borgilos the Chopper (Minotaur Gladiator)           Turns: 1448, Time: 00:17:20

Health: -1/37      AC:  4    Str: 19    XL:     4   Next: 35%
Magic:  3/3        EV: 13    Int:  5    God:
Gold:   68         SH:  0    Dex: 12    Spells: 3/3 levels left

rFire    . . .     SeeInvis .   a - +1 war axe
rCold    . . .     Gourm    .   (no shield)
rNeg     . . .     Faith    .   b - +0 leather armour
rPois    .         Spirit   .   c - +0 hat
rElec    .         Reflect  .   (no cloak)
rCorr    .         Harm     .   r - +0 pair of gloves
MR       .....                  (no boots)
Stlth    +.........             v - amulet of regeneration
HPRegen  0.52/turn              (no ring)
MPRegen  0.08/turn              (no ring)

@: no status effects
A: retaliatory headbutt, horns 2
a: no special abilities


You were on level 3 of the Dungeon.
You were hungry.

You visited 1 branch of the dungeon, and saw 3 of its levels.

You collected 68 gold pieces.

Inventory:

Hand Weapons
 a - a +1 war axe (weapon)
Missiles
 d - 3 throwing nets (quivered)
 n - 61 stones
 q - 51 arrows
 u - 3 curare-tipped darts
Armour
 b - a +0 leather armour (worn)
 c - a +0 hat (worn)
 i - a +0 pair of gloves
 r - a +0 pair of gloves (worn)
 t - a +0 shield
Jewellery
 s - an uncursed amulet of guardian spirit
 v - an amulet of regeneration (around neck)
Scrolls
 m - 2 scrolls of identify
 p - a scroll of remove curse
Potions
 e - a potion of agility
 g - a potion of cancellation {unknown}
 h - a potion of heal wounds {unknown}
 k - a potion of mutation {unknown}
 l - 2 potions of curing {unknown}
 o - a potion of resistance {unknown}
 x - 2 potions of brilliance {unknown}
Comestibles
 f - 3 rations
 j - 11 chunks of flesh


   Skills:
 + Level 2.6 Fighting
 + Level 4.8 Axes
 + Level 2.1 Throwing
 * Level 2.3 Armour
 + Level 3.8 Dodging
 + Level 0.5 Stealth


You had 3 spell levels left.
You didn't know any spells.
Your spell library was empty.

Dungeon Overview and Level Annotations

Branches:
Dungeon (3/15)

Altars:
Sif Muna


Innate Abilities, Weirdness & Mutations

You reflexively headbutt those who attack you in melee.
You have a pair of horns on your head.


Message History

You barely miss the quokka. The orc misses you. The quokka bites you.
You completely miss the quokka. The quokka bites you.
The orc barely misses you. The quokka barely misses you.
You hit the quokka.
The quokka is moderately wounded.
The orc closely misses you. The quokka bites you.
You closely miss the quokka. Your headbutt misses the quokka.
The quokka is moderately wounded.
The quokka completely misses you. You furiously retaliate!
You headbutt the quokka.
The orc hits you from afar with a +4 trident.
The quokka barely misses you.
You closely miss the quokka. Your headbutt misses the quokka.
The quokka is heavily wounded.
The orc hits you from afar with a +4 trident.
* * * LOW HITPOINT WARNING * * *
The quokka bites you.
* * * LOW HITPOINT WARNING * * *
The orc hits you from afar with a +4 trident!
You die...

.# .# .# #+ [#
..< .# .... .##
....( ###..###
.....o##..#
..####
......r@.###.....
......##..#.#<.#
..... #.#.#..#
.... #......# ...
######.# #+ #.#
#.# #.# #.#
#######.# ##.##
#.......#


You could see an orc and a quokka.

Vanquished Creatures
  3 adders
  2 oozes
  A worm (D:2)
  A dart slug (D:3)
  A leopard gecko (D:3)
  4 orcs (D:3)
  4 giant cockroaches
  4 goblins (D:2)
  6 hobgoblins
  A quokka (D:2)
  9 bats
  6 frilled lizards
  3 kobolds (D:1)
  4 rats
49 creatures vanquished.

Notes
Turn   | Place    | Note
-------+----------+-------------------------------------------
     0 | D:1      | Borgilos the Minotaur Gladiator began the quest for the
                  | Orb.
     0 | D:1      | Reached XP level 1. HP: 18/18 MP: 0/0
   132 | D:1      | Reached XP level 2. HP: 20/25 MP: 1/1
   190 | D:1      | Reached skill level 4 in Axes
   242 | D:1      | Reached skill level 1 in Armour
   653 | D:2      | Found a shimmering blue altar of Sif Muna.
   670 | D:2      | Reached XP level 3. HP: 27/30 MP: 2/2
  1346 | D:3      | Reached XP level 4. HP: 35/37 MP: 3/3
  1448 | D:3      | Slain by an orc

Levels and vault maps discovered:
D:1:      onia_arrival_pyramid, layout_basic
D:2:      layout_basic, lemuel_doored_altar
D:3:      layout_loops_corners, grunt_temple_overflow_order_and_chaos_2

Skill      XL: |  1  2  3 |
---------------+----------+-----
Axes           | 4 |  4.8
Armour         | 1 2 |  2.3
Fighting       | |  2.6
Throwing       | |  2.1
Dodging        | |  3.8
Stealth        | |  0.5

Action                   |  1- 3 |  4- 6 || total
-------------------------+-------+-------++-------
Melee: War axe           |    76 |    23 ||    99
       Headbutt          |    10 |       ||    10
  Use: Scroll            |     2 |     1 ||     3
  Eat: Chunk             |     1 |       ||     1
Armor: Leather armour    |    30 |     3 ||    33
Dodge: Dodged            |    76 |    23 ||    99
